TOP OF THE 1ST |
Bismark Border Guards batting - Pitching for Red Deer Wranglers : RHP José Ramos
|
Pitching: RHP José Ramos
|
|
Batting: RHB Enrique Mendoza
|
0-0: Ball 1-0: Ball 2-0: Ground out 5-3 (Groundball, 56S)
|
Batting: LHB Will Hill
|
0-0: Ball 1-0: Fly out, F9 (Flyball, 89S)
|
Batting: RHB Trent Rasmussen
|
0-0: Ground out 6-3 (Groundball, 6)
|
Top of the 1st over - 0 run(s), 0 hit(s), 0 error(s), 0 left on base; Bismark 0 - Red Deer 0 |
BOTTOM OF THE 1ST |
Red Deer Wranglers batting - Pitching for Bismark Border Guards : RHP Edward Hastings
|
Pitching: RHP Edward Hastings
|
|
Batting: RHB Art Cameron
|
0-0: Ball 1-0: Swinging Strike 1-1: Ground out 1-3 (Groundball, 13)
|
Batting: RHB Luis Peña
|
0-0: Swinging Strike 0-1: Swinging Strike 0-2: Ball 1-2: Ball 2-2: Strikes out looking
|
Batting: RHB Xavier López
|
0-0: Swinging Strike 0-1: Ground out 6-3 (Groundball, 6)
|
Bottom of the 1st over - 0 run(s), 0 hit(s), 0 error(s), 0 left on base; Bismark 0 - Red Deer 0 |
TOP OF THE 2ND |
Bismark Border Guards batting - Pitching for Red Deer Wranglers : RHP José Ramos
|
Batting: LHB Alan Moore
|
0-0: SINGLE (Groundball, 4MD)
|
Batting: RHB Enrique Soto
|
0-0: Ball 1-0: Ball 2-0: Foul Ball, location: 2F 2-1: Fly out, F9 (Flyball, 9LSF)
|
Batting: RHB Kelly Graham
|
0-0: Ball 1-0: Ball 2-0: Ball 3-0: Base on Balls Alan Moore to second
|
Batting: RHB Reynaldo Slomp
|
0-0: Fly out, F9 (Flyball, 9S)
|
Batting: RHB Alfredo Farías
|
0-0: Fly out, F7 (Line Drive, 78M)
|
Top of the 2nd over - 0 run(s), 1 hit(s), 0 error(s), 2 left on base; Bismark 0 - Red Deer 0 |
BOTTOM OF THE 2ND |
Red Deer Wranglers batting - Pitching for Bismark Border Guards : RHP Edward Hastings
|
Batting: LHB Fred Abrams
|
0-0: Called Strike 0-1: Foul Ball, location: 2F 0-2: Foul Ball, location: 2F 0-2: Foul Ball, location: 2F 0-2: Ball 1-2: Strikes out swinging
|
Batting: LHB Russell Peck
|
0-0: SINGLE (Line Drive, 56)
|
Batting: LHB Andrew Veeck
|
0-0: Called Strike 0-1: Ball 1-1: Ball 2-1: Called Strike 2-2: Strikes out swinging
|
Batting: RHB Steve Burton
|
0-0: Called Strike Russell Peck steals 2nd base 0-1: Ball 1-1: Swinging Strike 1-2: Strikes out looking
|
Bottom of the 2nd over - 0 run(s), 1 hit(s), 0 error(s), 1 left on base; Bismark 0 - Red Deer 0 |
TOP OF THE 3RD |
Bismark Border Guards batting - Pitching for Red Deer Wranglers : RHP José Ramos
|
Batting: RHB Rob Schmidt
|
0-0: Called Strike 0-1: Foul Ball, location: 2F 0-2: Strikes out swinging
|
Batting: RHB Enrique Mendoza
|
0-0: SINGLE (Flyball, 8RS)
|
Batting: LHB Will Hill
|
0-0: Reached on error, E6 (Groundball, 6) Enrique Mendoza to second
|
Batting: RHB Trent Rasmussen
|
0-0: Grounds into double play, 6-4-3 (Groundball, 6)
|
Top of the 3rd over - 0 run(s), 1 hit(s), 1 error(s), 1 left on base; Bismark 0 - Red Deer 0 |
BOTTOM OF THE 3RD |
Red Deer Wranglers batting - Pitching for Bismark Border Guards : RHP Edward Hastings
|
Batting: RHB Ricardo González
|
0-0: Ball 1-0: Swinging Strike 1-1: Swinging Strike 1-2: Fly out, F4 (Popup, 4D)
|
Batting: RHB Joe Lewis
|
0-0: Called Strike 0-1: Foul Ball, location: 2F 0-2: Strikes out swinging, 2-3 out at first.
|
Batting: RHB Art Cameron
|
0-0: Swinging Strike 0-1: Foul Ball, location: 2F 0-2: Ball 1-2: SINGLE (Groundball, 4MD)
|
Batting: RHB Luis Peña
|
0-0: Called Strike Art Cameron steals 2nd base 0-1: Fly out, F5 (Line Drive, 56)
|
Bottom of the 3rd over - 0 run(s), 1 hit(s), 0 error(s), 1 left on base; Bismark 0 - Red Deer 0 |
TOP OF THE 4TH |
Bismark Border Guards batting - Pitching for Red Deer Wranglers : RHP José Ramos
|
Batting: LHB Alan Moore
|
0-0: Ball 1-0: Ball 2-0: Ground out U3 (Groundball, 3L)
|
Batting: RHB Enrique Soto
|
0-0: Swinging Strike 0-1: Ball 1-1: Ball 2-1: Ball 3-1: Fly out, F7 (Line Drive, 78M)
|
Batting: RHB Kelly Graham
|
0-0: Foul Ball, location: 2F 0-1: Ball 1-1: DOUBLE (Line Drive, 7LM)
|
Batting: RHB Reynaldo Slomp
|
0-0: Fly out, F8 (Flyball, 8RM)
|
Top of the 4th over - 0 run(s), 1 hit(s), 0 error(s), 1 left on base; Bismark 0 - Red Deer 0 |
BOTTOM OF THE 4TH |
Red Deer Wranglers batting - Pitching for Bismark Border Guards : RHP Edward Hastings
|
Batting: RHB Xavier López
|
0-0: Ball 1-0: Foul Ball, location: 2F 1-1: Ball 2-1: Foul Ball, location: 2F 2-2: Ball 3-2: Foul Ball, location: 2F 3-2: Strikes out looking
|
Batting: LHB Fred Abrams
|
0-0: Ball 1-0: Fly out, F9 (Flyball, 89D)
|
Batting: LHB Russell Peck
|
0-0: Called Strike 0-1: Ball 1-1: Swinging Strike 1-2: Strikes out looking
|
Bottom of the 4th over - 0 run(s), 0 hit(s), 0 error(s), 0 left on base; Bismark 0 - Red Deer 0 |
TOP OF THE 5TH |
Bismark Border Guards batting - Pitching for Red Deer Wranglers : RHP José Ramos
|
Batting: RHB Alfredo Farías
|
0-0: Called Strike 0-1: Swinging Strike 0-2: Foul Ball, location: 2F 0-2: Ball 1-2: Ball 2-2: Strikes out looking
|
Batting: RHB Rob Schmidt
|
0-0: SINGLE (Flyball, 9LS)
|
Batting: RHB Enrique Mendoza
|
0-0: Fly out, F8 (Flyball, 78D)
|
Batting: LHB Will Hill
|
0-0: Ball 1-0: Fly out, F8 (Flyball, 78S)
|
Top of the 5th over - 0 run(s), 1 hit(s), 0 error(s), 1 left on base; Bismark 0 - Red Deer 0 |
BOTTOM OF THE 5TH |
Red Deer Wranglers batting - Pitching for Bismark Border Guards : RHP Edward Hastings
|
Batting: LHB Andrew Veeck
|
0-0: Ground out 3-1 (Groundball, 34)
|
Batting: RHB Steve Burton
|
0-0: TRIPLE (Line Drive, 9LM)
|
Batting: RHB Ricardo González
|
0-0: Intentional Walk
|
Batting: RHB Joe Lewis
|
0-0: Grounds into double play, 6-4-3 (Groundball, 56)
|
Bottom of the 5th over - 0 run(s), 1 hit(s), 0 error(s), 1 left on base; Bismark 0 - Red Deer 0 |
TOP OF THE 6TH |
Bismark Border Guards batting - Pitching for Red Deer Wranglers : RHP José Ramos
|
Batting: RHB Trent Rasmussen
|
0-0: Ball 1-0: Fly out, F8 (Line Drive, 89S)
|
Batting: LHB Alan Moore
|
0-0: Called Strike 0-1: Called Strike 0-2: Ball 1-2: Ball 2-2: Ball 3-2: Strikes out swinging
|
Batting: RHB Enrique Soto
|
0-0: SINGLE (Flyball, 78S)
|
Pinch Runner at 1st Júlio Romano:
|
|
Batting: RHB Kelly Graham
|
0-0: Called Strike 0-1: Ball 1-1: Foul Ball, location: 2F 1-2: Strikes out swinging
|
Top of the 6th over - 0 run(s), 1 hit(s), 0 error(s), 1 left on base; Bismark 0 - Red Deer 0 |
BOTTOM OF THE 6TH |
Red Deer Wranglers batting - Pitching for Bismark Border Guards : RHP Edward Hastings
|
Batting: RHB Art Cameron
|
0-0: Ball 1-0: Called Strike 1-1: Foul Ball, location: 2F 1-2: Ball 2-2: SINGLE (Line Drive, 7S)
|
Batting: RHB Luis Peña
|
0-0: Ball 1-0: Ball 2-0: Fielders Choice at 2nd, 6-4 (Groundball, 6)
|
Batting: RHB Xavier López
|
0-0: Ball 1-0: Ball 2-0: 2-RUN HOME RUN (Flyball, 78XD), Distance : 414 ft
|
Batting: LHB Fred Abrams
|
0-0: Called Strike 0-1: Foul Ball, location: 2F 0-2: Strikes out swinging
|
Batting: LHB Russell Peck
|
0-0: Ball 1-0: Called Strike 1-1: Ground out 4-3 (Groundball, 4)
|
Bottom of the 6th over - 2 run(s), 2 hit(s), 0 error(s), 0 left on base; Bismark 0 - Red Deer 2 |
TOP OF THE 7TH |
Bismark Border Guards batting - Pitching for Red Deer Wranglers : RHP José Ramos
|
Batting: RHB Reynaldo Slomp
|
0-0: Foul Ball, location: 2F 0-1: Ball 1-1: Foul Ball, location: 2F 1-2: Foul Ball, location: 2F 1-2: Foul Ball, location: 2F 1-2: Ball 2-2: Foul Ball, location: 2F 2-2: Ball 3-2: Base on Balls
|
Pinch Runner at 1st António Martínez:
|
|
Batting: RHB Alfredo Farías
|
0-0: Ball 1-0: Ball 2-0: SINGLE (Line Drive, 6M) António Martínez to second
|
Pinch Hitting: LHB Norbert Mosley
|
0-0: Bunted foul 0-1: Sac Bunt - play at first, batter OUT! 1-4 António Martínez to third Alfredo Farías to second
|
Batting: RHB Enrique Mendoza
|
0-0: Ball 1-0: Swinging Strike 1-1: Ball 2-1: Foul Ball, location: 2F 2-2: Strikes out swinging
|
Batting: LHB Will Hill
|
0-0: Ball 1-0: Ball 2-0: Called Strike 2-1: DOUBLE (Line Drive, 7LM) António Martínez scores Alfredo Farías scores
|
Batting: RHB Trent Rasmussen
|
0-0: Ball 1-0: Fly out, F9 (Flyball, 9LSF)
|
Top of the 7th over - 2 run(s), 2 hit(s), 0 error(s), 1 left on base; Bismark 2 - Red Deer 2 |
BOTTOM OF THE 7TH |
Red Deer Wranglers batting - Pitching for Bismark Border Guards : RHP Edward Hastings
|
Now at 3B: Pedro Rodríguez
|
|
Now in CF: Norbert Mosley
|
|
Batting: LHB Andrew Veeck
|
0-0: Ball 1-0: Foul Ball, location: 2F 1-1: Ball 2-1: Swinging Strike 2-2: Ball 3-2: Strikes out swinging
|
Batting: RHB Steve Burton
|
0-0: Ground out 6-3 (Groundball, 6)
|
Batting: RHB Ricardo González
|
0-0: Ball 1-0: SINGLE (Line Drive, 8RS)
|
Pinch Hitting: RHB Ben Fisher
|
0-0: Foul Ball, location: 2F 0-1: Ball 1-1: Ball 2-1: Ball 3-1: Called Strike 3-2: Strikes out looking
|
Bottom of the 7th over - 0 run(s), 1 hit(s), 0 error(s), 1 left on base; Bismark 2 - Red Deer 2 |
TOP OF THE 8TH |
Bismark Border Guards batting - Pitching for Red Deer Wranglers : RHP José Ramos
|
Now at 3B: Ben Fisher
|
|
Batting: LHB Alan Moore
|
0-0: Swinging Strike 0-1: Called Strike 0-2: Foul Ball, location: 2F 0-2: Strikes out looking
|
Batting: SHB Júlio Romano
|
0-0: Ball 1-0: Foul Ball, location: 2F 1-1: Foul Ball, location: 2F 1-2: Ball 2-2: Ground out 6-3 (Groundball, 6)
|
Batting: RHB Kelly Graham
|
0-0: Called Strike 0-1: Foul Ball, location: 2F 0-2: Strikes out swinging
|
Top of the 8th over - 0 run(s), 0 hit(s), 0 error(s), 0 left on base; Bismark 2 - Red Deer 2 |
BOTTOM OF THE 8TH |
Red Deer Wranglers batting - Pitching for Bismark Border Guards : RHP Edward Hastings
|
Batting: RHB Art Cameron
|
0-0: Ball 1-0: Fly out, F9 (Flyball, 9)
|
Batting: RHB Luis Peña
|
0-0: Called Strike 0-1: Called Strike 0-2: Ball 1-2: Ball 2-2: Ground out 6-3 (Groundball, 56)
|
Batting: RHB Xavier López
|
0-0: Ball 1-0: Ball 2-0: Ball 3-0: Called Strike 3-1: Base on Balls
|
Pitching: RHP Jim Thompson
|
|
Batting: LHB Fred Abrams
|
0-0: Ball 1-0: Called Strike 1-1: Ball 2-1: Called Strike 2-2: SINGLE (Groundball, 4D) Xavier López to second Runner from 2nd tries for 3rd, SAFE, no throw
|
Batting: LHB Russell Peck
|
0-0: Called Strike 0-1: Ball 1-1: Foul Ball, location: 2F 1-2: Ball 2-2: Ball 3-2: Base on Balls Fred Abrams to second
|
Batting: LHB Andrew Veeck
|
0-0: Ball 1-0: Ball 2-0: Called Strike 2-1: Foul Ball, location: 2F 2-2: Foul Ball, location: 2F 2-2: Strikes out swinging
|
Bottom of the 8th over - 0 run(s), 1 hit(s), 0 error(s), 3 left on base; Bismark 2 - Red Deer 2 |
TOP OF THE 9TH |
Bismark Border Guards batting - Pitching for Red Deer Wranglers : RHP José Ramos
|
Pitching: LHP Manuel Gil
|
|
Batting: RHB Pedro Rodríguez
|
0-0: Swinging Strike 0-1: Ball 1-1: Foul Ball, location: 2F 1-2: Foul Ball, location: 2F 1-2: Foul Ball, location: 2F 1-2: Foul Ball, location: 2F 1-2: Strikes out swinging
|
Pinch Hitting: RHB Jacob Hill
|
0-0: Ball 1-0: Ball 2-0: Called Strike 2-1: Foul Ball, location: 2F 2-2: Ball 3-2: Ground out 6-3 (Groundball, 6)
|
Pinch Hitting: RHB Vincent Braun
|
0-0: SINGLE (Groundball, 56D)
|
Batting: RHB Enrique Mendoza
|
0-0: Called Strike 0-1: Foul Ball, location: 2F 0-2: Fielders Choice at 2nd, 6-4 (Groundball, 6)
|
Top of the 9th over - 0 run(s), 1 hit(s), 0 error(s), 0 left on base; Bismark 2 - Red Deer 2 |
BOTTOM OF THE 9TH |
Red Deer Wranglers batting - Pitching for Bismark Border Guards : RHP Jim Thompson
|
Pitching: RHP Beau Murphy
|
|
Now at SS: Sergio Solíz
|
|
Now in CF: Doug Williams
|
|
Batting: RHB Steve Burton
|
0-0: Swinging Strike 0-1: Foul Ball, location: 2F 0-2: Strikes out swinging
|
Batting: RHB Ricardo González
|
0-0: Called Strike 0-1: Called Strike 0-2: Strikes out swinging
|
Batting: RHB Ben Fisher
|
0-0: Foul Ball, location: 2F 0-1: Ball 1-1: Ball 2-1: Ball 3-1: Ground out 4-3 (Groundball, 4M)
|
Bottom of the 9th over - 0 run(s), 0 hit(s), 0 error(s), 0 left on base; Bismark 2 - Red Deer 2 |
TOP OF THE 10TH |
Bismark Border Guards batting - Pitching for Red Deer Wranglers : LHP Manuel Gil
|
Pinch Hitting: RHB Jeremiah Soto
|
0-0: Called Strike 0-1: Ball 1-1: Swinging Strike 1-2: Fly out, F4 (Popup, 34D)
|
Batting: RHB Trent Rasmussen
|
0-0: Ball 1-0: Called Strike 1-1: Called Strike 1-2: Strikes out swinging
|
Pinch Hitting: RHB Jorge Montoya
|
0-0: Called Strike 0-1: Ground out 5-3 (Groundball, 56S)
|
Top of the 10th over - 0 run(s), 0 hit(s), 0 error(s), 0 left on base; Bismark 2 - Red Deer 2 |
BOTTOM OF THE 10TH |
Red Deer Wranglers batting - Pitching for Bismark Border Guards : RHP Beau Murphy
|
Now at 1B: Jorge Montoya
|
|
Now in LF: Jeremiah Soto
|
|
Batting: RHB Art Cameron
|
0-0: Ball 1-0: Ball 2-0: Ground out 5-3 (Groundball, 56S)
|
Pitching: RHP Domingo García
|
|
Batting: RHB Luis Peña
|
0-0: Ground out 6-3 (Groundball, 6D)
|
Batting: RHB Xavier López
|
0-0: Called Strike 0-1: SINGLE (Flyball, 8RS)
|
Batting: LHB Fred Abrams
|
0-0: Called Strike 0-1: Called Strike 0-2: Foul Ball, location: 2F 0-2: Ball Xavier López steals 2nd base 1-2: Ball 2-2: Strikes out swinging
|
Bottom of the 10th over - 0 run(s), 1 hit(s), 0 error(s), 1 left on base; Bismark 2 - Red Deer 2 |
TOP OF THE 11TH |
Bismark Border Guards batting - Pitching for Red Deer Wranglers : LHP Manuel Gil
|
Pitching: RHP Jeffery Lockhart
|
|
Batting: SHB Júlio Romano
|
0-0: Called Strike 0-1: Foul Ball, location: 2F 0-2: Ball 1-2: Ball 2-2: DOUBLE (Flyball, 9)
|
Batting: RHB Kelly Graham
|
0-0: Called Strike 0-1: Foul Ball, location: 2F 0-2: Strikes out swinging
|
Pinch Hitting: SHB Vicente Pagán
|
0-0: Called Strike 0-1: Swinging Strike 0-2: Ball 1-2: Foul Ball, location: 2F 1-2: Ball 2-2: SINGLE (Groundball, 34D) Júlio Romano to third Throwing error, E9 Júlio Romano scores Vicente Pagán to second
|
Batting: RHB Sergio Solíz
|
0-0: Ball 1-0: Ball 2-0: Swinging Strike 2-1: Called Strike 2-2: Foul Ball, location: 2F 2-2: Fly out, F8 (Flyball, 8RS)
|
Batting: RHB Doug Williams
|
0-0: Ball 1-0: Swinging Strike 1-1: Foul Ball, location: 2F 1-2: SINGLE (Line Drive, 4M) Vicente Pagán to third Runner from 3rd tries for Home, SAFE, no throw
|
Batting: RHB Enrique Mendoza
|
0-0: Ball 1-0: Called Strike 1-1: Swinging Strike 1-2: Foul Ball, location: 2F 1-2: Ball Doug Williams steals 2nd base 2-2: Reached on error, E6 (Groundball, 6) Doug Williams to third
|
Batting: RHB Jeremiah Soto
|
0-0: Ball 1-0: Ball 2-0: Ball 3-0: Base on Balls Enrique Mendoza to second
|
Batting: RHB Trent Rasmussen
|
0-0: Ball 1-0: Called Strike 1-1: Foul Ball, location: 2F 1-2: Ball 2-2: Strikes out swinging
|
Top of the 11th over - 2 run(s), 3 hit(s), 2 error(s), 3 left on base; Bismark 4 - Red Deer 2 |
BOTTOM OF THE 11TH |
Red Deer Wranglers batting - Pitching for Bismark Border Guards : RHP Domingo García
|
Now at 1B: Vicente Pagán
|
|
Batting: LHB Russell Peck
|
0-0: Ball 1-0: Ball 2-0: Ball 3-0: Base on Balls
|
Batting: LHB Andrew Veeck
|
0-0: Ball 1-0: Ball 2-0: Foul Ball, location: 2F 2-1: Ball 3-1: Fielders Choice at 2nd, 6-4 (Groundball, 6)
|
Batting: RHB Steve Burton
|
0-0: Ball 1-0: Called Strike 1-1: Ball 2-1: Ball 3-1: Fly out, F6 (Popup, 4MD)
|
Pitching: RHP Ramón Fonseca
|
|
Batting: RHB Ricardo González
|
0-0: Ball 1-0: Ball 2-0: Called Strike 2-1: Hit by Pitch Andrew Veeck to second
|
Batting: RHB Ben Fisher
|
0-0: Swinging Strike 0-1: Swinging Strike 0-2: Strikes out swinging
|
Bottom of the 11th over - 0 run(s), 0 hit(s), 0 error(s), 2 left on base; Bismark 4 - Red Deer 2 |
|